Map: Traitor's Exile

Players

OpuS - Winner!

  • Race: Protoss Protoss
  • Spawn Location: 12:00

Sketchaphone - Winner!

  • Race: Zerg Zerg
  • Spawn Location: 9:00

DMFH

  • Race: Protoss Protoss
  • Spawn Location: 5:00

Turk

  • Race: Terran Terran
  • Spawn Location: 6:00

VOD

Have the link to the VOD?

Description

Time

  • Played on: Jan. 22, 2019, 3:20 p.m.
  • Length: 13:19
Show
View Real Time Build Order
Export as new Build Order

OpuS Protoss - Winner!

Build Orders: Chargelot Immortal 

Get SALT Encoding   

  12  0:01  Probe  
  13  0:13  Probe  
  14  0:20  Pylon  
  14  0:27  Probe  
  15  0:41  Gateway  
  15  0:45  Probe  
  16  0:53  Probe  
  16  0:55  Assimilator  
  16  1:01  Probe  
  17  1:08  Gateway  
  18  1:17  Probe  
  19  1:29  Probe  
  20  1:36  Cybernetics Core, Zealot  
  22  1:41  Probe  
  22  1:43  Pylon  
  23  2:02  Probe  
  24  2:09  Assimilator  
  24  2:10  Probe  
  24  2:13  Adept x2  
  24  2:14  Warp Gate  
  29  2:35  Pylon  
  29  2:37  Gateway, Pylon  
  28  2:47  Adept  
  30  2:53  Sentry  
  30  2:57  Shield Battery  
  32  3:03  Shield Battery  
  32  3:22  Sentry  
  34  3:34  Nexus  
  34  3:42  Pylon  
  34  4:14  Adept x3  
  40  4:19  Probe  
  41  4:28  Twilight Council  
  41  4:31  Probe  
  42  4:37  Robotics Facility  
  42  4:43  Probe  
  43  4:46  Stalker  
  43  4:50  Sentry  
  47  4:55  Probe  
  47  4:56  Probe  
  49  5:09  Stalker  
  49  5:10  Stalker  
  49  5:14  Probe x2  
  51  5:29  Stalker  
  43  5:46  Immortal  
  43  5:47  Stalker  
  49  5:50  Probe  
  49  5:51  Probe  
  49  5:53  Stalker  
  53  6:02  Stalker  
  55  6:04  Probe x2  
  55  6:10  Assimilator  
  57  6:15  Immortal  
  57  6:16  Probe x2  
  63  6:28  Probe  
  63  6:30  Pylon  
  63  6:32  Probe  
  65  6:41  Probe  
  52  6:54  Zealot  
  52  6:55  Zealot x2  
  54  7:07  Charge  
  54  7:11  Probe x2  
  56  7:18  Gateway  
  56  7:22  Stalker x3, Assimilator  
  60  7:23  Probe x2  
  64  7:35  Probe x2  
  66  7:45  Nexus  
  66  7:47  Probe  
  57  8:19  Zealot  
  55  8:20  Zealot x3  
  55  8:21  Immortal  
  55  8:26  Probe x2  
  59  8:30  Gateway  
  59  8:31  Gateway  
  59  8:33  Gateway  
  59  8:34  Gateway  
  59  8:44  Adept x4  
  75  8:48  Resonating Glaives  
  67  8:55  Probe x2  
  68  8:59  Pylon  
  69  9:06  Templar Archives  
  69  9:09  Immortal  
  73  9:13  Adept x3  
  79  9:17  Adept  
  79  9:20  Probe x3  
  84  9:38  Zealot x3  
  84  9:39  Zealot x2  
  84  9:40  Zealot  
  84  9:44  Zealot  
  96  9:46  Zealot  
  96  9:48  Probe  
  96  9:49  Probe  
  96  9:50  Probe  
  101  9:56  Pylon  
  101  9:58  Pylon  
  101  10:11  Psionic Storm  
  104  10:14  Probe x3  
  104  10:16  Pylon  
  104  10:19  Assimilator  
  104  10:23  Assimilator  
  104  10:26  Probe  
  104  10:27  Pylon  
  105  10:32  Zealot  
  105  10:33  Zealot x5  
  75  11:06  Probe x3  
  75  11:08  High Templar x2  
  75  11:09  High Templar x5  
  75  11:10  High Templar  
  90  11:16  Gateway  
  90  11:18  Gateway  
  90  11:19  Gateway  
  90  11:21  Gateway  
  90  11:22  Probe x3  
  93  11:29  Pylon  
  93  11:30  Pylon  
  93  11:34  Probe  
  93  11:36  Forge  
  93  11:37  Forge  
  94  11:40  Forge  
  94  11:44  Zealot  
  94  11:45  Zealot x3  
  94  11:46  Zealot  
  104  11:47  High Templar, Zealot  
  104  11:48  High Templar  
  110  12:11  High Templar x2  
  110  12:12  High Templar x2  
  110  12:14  High Templar x2  
  122  12:24  Nexus  
  122  12:26  Pylon  
  122  12:27  Pylon  
  100  12:47  Zealot x5  
  100  12:48  Zealot  
  100  12:49  Zealot x2  
  114  12:51  Zealot x3  
  114  12:52  Zealot  
Show
View Real Time Build Order
Export as new Build Order

Sketchaphone Zerg - Winner!

Build Orders: Hatch First 

Get SALT Encoding   

  12  0:03  Drone  
  13  0:14  Overlord  
  13  0:24  Drone  
  13  0:26  Drone, Extractor  
  15  0:32  Drone  
  16  0:36  Drone  
  17  0:59  Hatchery  
  17  1:00  Drone  
  17  1:06  Extractor  
  17  1:07  Drone  
  17  1:24  Spawning Pool  
  16  1:26  Drone  
  17  1:35  Drone  
  18  1:46  Drone  
  18  1:47  Drone  
  18  1:53  Drone  
  20  2:03  Overlord  
  20  2:10  Metabolic Boost  
  20  2:13  Queen  
  22  2:18  Zergling x2  
  22  2:20  Drone  
  23  2:36  Baneling Nest  
  22  2:40  Drone, Zergling x2  
  22  2:41  Zergling x4  
  26  2:45  Overlord  
  26  3:00  Overlord  
  26  3:02  Zergling x2  
  27  3:06  Zergling x2  
  27  3:09  Drone  
  27  3:12  Queen  
  31  3:13  Drone  
  31  3:15  Zergling x2  
  33  3:23  Baneling  
  33  3:24  Baneling, Zergling x2  
  33  3:25  Drone  
  35  3:33  Drone  
  36  3:36  Overlord  
  36  3:39  Drone  
  37  3:50  Zergling x2  
  37  3:51  Drone x2  
  37  3:52  Drone  
  35  4:12  Zergling x12  
  39  4:23  Drone  
  39  4:24  Drone  
  41  4:31  Drone x2  
  43  4:32  Drone  
  44  4:40  Hatchery  
  40  4:54  Drone  
  40  4:55  Drone  
  40  4:56  Zergling x6  
  45  5:02  Lair, Drone x2  
  45  5:03  Drone  
  48  5:07  Overlord  
  48  5:08  Overlord  
  48  5:20  Baneling x4  
  44  5:31  Zergling x16  
  44  5:32  Drone  
  50  5:46  Zergling x4  
  52  5:53  Extractor  
  52  5:55  Extractor  
  50  6:05  Extractor  
  49  6:11  Evolution Chamber  
  49  6:12  Evolution Chamber  
  47  6:18  Zergling x8  
  47  6:19  Drone x3, Spire  
  47  6:20  Drone x2  
  47  6:23  Overlord x2  
  47  6:24  Drone x2  
  57  6:29  Drone  
  57  6:30  Drone x2  
  60  6:35  Overlord  
  60  6:36  Drone  
  61  6:42  Hatchery  
  54  7:02  Drone x2, Overlord  
  54  7:05  Zerg Melee Weapons Level 1, Zerg Ground Armor Level 1  
  55  7:24  Zergling x8  
  55  7:25  Zergling x8  
  63  7:30  Queen  
  63  7:31  Zergling x2  
  63  7:32  Drone x2  
  63  7:34  Zerg Flyer Weapons Level 1  
  68  7:41  Zergling x4  
  68  7:42  Zergling x4  
  67  8:10  Baneling x4  
  67  8:11  Baneling  
  66  8:22  Mutalisk x6  
  78  8:28  Extractor  
  78  8:30  Extractor  
  65  8:50  Mutalisk  
  65  8:51  Mutalisk x2  
  65  8:55  Mutalisk  
  73  8:58  Drone x3  
  73  9:01  Drone x3  
  79  9:04  Drone x6  
  79  9:07  Drone  
  86  9:14  Mutalisk  
  86  9:15  Mutalisk  
  86  9:16  Zergling x8  
  94  9:23  Overlord  
  88  9:33  Zergling x18  
  88  9:35  Mutalisk  
  99  9:40  Hatchery  
  98  9:50  Mutalisk x5  
  108  9:58  Hatchery  
  108  9:59  Queen  
  109  10:00  Drone x3, Overlord x2  
  109  10:01  Drone  
  113  10:19  Centrifical Hooks  
  113  10:22  Overlord  
  100  10:45  Mutalisk x7  
  111  11:02  Mutalisk x2  
  111  11:03  Zergling x2  
  111  11:04  Zergling x22  
  127  11:15  Queen  
  127  11:16  Queen  
  131  11:31  Corruptor x2  
  131  11:32  Zergling x2, Overlord  
  136  11:33  Zergling x22  
  147  11:41  Infestation Pit  
  146  11:52  Overlord  
  146  12:00  Corruptor x2  
  150  12:19  Mutalisk x5  
  155  12:26  Zergling x26  
  155  12:27  Zergling x10  
  151  12:45  Zergling x4  
  151  12:46  Zergling x16  
  155  12:53  Mutalisk x5  
Show
View Real Time Build Order
Export as new Build Order

DMFH Protoss 

Build Orders:  

Get SALT Encoding   

  12  0:01  Probe  
  13  0:14  Probe  
  14  0:20  Pylon  
  14  0:26  Probe  
  15  0:38  Probe  
  16  0:44  Gateway  
  16  0:47  Assimilator  
  16  0:50  Probe  
  17  1:02  Probe  
  18  1:22  Probe  
  19  1:25  Pylon  
  19  1:35  Cybernetics Core, Assimilator  
  19  1:47  Gateway  
  19  1:51  Gateway, Warp Gate  
  19  1:56  Probe  
  20  2:08  Probe  
  21  2:15  Stalker  
  23  2:20  Probe  
  24  2:33  Pylon  
  24  2:40  Stalker  
  24  2:42  Sentry  
  28  2:48  Zealot  
  28  2:51  Probe  
  31  2:58  Pylon  
  31  3:13  Sentry  
  31  3:14  Zealot  
  35  3:22  Stalker  
  35  3:24  Probe  
  38  3:36  Probe  
  39  3:50  Stalker  
  39  3:51  Stalker  
  43  4:00  Stalker  
  41  4:13  Pylon  
  37  4:33  Sentry  
  37  4:34  Zealot, Sentry  
  43  4:39  Nexus  
  41  4:58  Zealot x2  
  41  4:59  Sentry  
  47  5:02  Assimilator  
  47  5:08  Forge  
  47  5:13  Pylon  
  34  5:35  Zealot x3  
  32  5:48  Probe  
  33  5:55  Photon Cannon  
  33  6:00  Probe  
  33  6:01  Photon Cannon  
  34  6:06  Probe  
  35  6:12  Probe  
  35  6:18  Probe  
  36  6:19  Stargate  
  36  6:20  Probe  
  38  6:26  Probe  
  38  6:28  Probe  
  40  6:35  Probe  
  40  6:39  Probe  
  42  6:47  Probe  
  42  6:52  Zealot  
  42  6:53  Zealot x2  
  49  6:56  Void Ray  
  41  7:02  Photon Cannon  
  41  7:05  Photon Cannon  
  40  7:14  Probe  
  40  7:15  Probe  
  46  7:26  Zealot x2  
  46  7:27  Zealot  
  52  7:30  Protoss Air Weapons Level 1, Void Ray  
  52  7:36  Probe  
  57  8:06  Zealot  
  57  8:07  Zealot, Void Ray  
  56  8:38  Void Ray  
  56  8:53  Probe x2  
  62  9:00  Assimilator  
  62  9:05  Twilight Council  
  62  9:22  Pylon  
  62  9:25  Pylon  
  62  9:28  Pylon  
  62  9:33  Void Ray  
  62  9:40  Probe x2  
  68  9:52  Photon Cannon, Probe  
  69  9:55  Photon Cannon  
  69  9:59  Photon Cannon  
  69  10:01  Shield Battery  
  69  10:02  Void Ray  
  72  10:30  Nexus  
  72  10:32  Pylon  
  72  10:34  Void Ray  
  71  10:40  Probe x2  
  68  10:50  Photon Cannon  
  68  10:51  Photon Cannon  
  68  10:52  Probe x2  
  66  11:04  Probe  
  67  11:13  Phoenix  
  69  11:24  Photon Cannon  
  69  11:25  Probe  
  69  11:26  Photon Cannon  
  70  11:36  Photon Cannon  
  70  11:45  Probe  
  71  11:47  Probe x2  
  73  11:57  Probe  
  73  11:59  Probe  
  56  12:30  Probe  
  56  12:31  Probe x2  
  55  12:42  Probe  
  55  12:43  Probe x2  
  54  13:07  Pylon  
Show
View Real Time Build Order
Export as new Build Order

Turk Terran 

Build Orders:  

Get SALT Encoding   

  12  0:01  SCV  
  13  0:13  SCV  
  14  0:22  Supply Depot  
  14  0:25  SCV  
  15  0:41  Refinery  
  15  0:44  SCV  
  15  0:46  Barracks  
  16  0:56  SCV  
  17  1:08  SCV  
  18  1:13  Barracks  
  18  1:20  SCV  
  19  1:33  Marine  
  19  1:38  Supply Depot  
  20  1:42  SCV  
  21  1:50  Factory, Marine  
  22  1:54  SCV  
  23  2:02  Barracks  
  23  2:05  Marine  
  24  2:09  Marine  
  25  2:50  Marine  
  25  2:51  Marine x2  
  28  3:01  Orbital Command, Supply Depot  
  28  3:02  Refinery  
  28  3:08  Marine x2  
  28  3:09  Marine  
  31  3:14  Factory Tech Lab  
  31  3:25  Command Center  
  31  3:29  Marine x2  
  31  3:32  Marine  
  34  3:57  Marine x3  
  34  4:02  Siege Tank  
  33  4:18  Marine x2  
  33  4:19  Marine  
  36  4:34  Siege Tank  
  39  4:42  Marine x3  
  26  5:51  Marine x3  
  26  5:53  Siege Tank  
  32  5:59  Barracks  
  32  6:01  Barracks  
  32  6:04  Barracks  
  32  6:06  SCV  
  33  6:13  SCV  
  33  6:18  SCV  
  35  6:22  Marine x2  
  35  6:23  Marine  
  35  6:25  SCV, Siege Tank  
  42  6:30  SCV  
  43  6:37  SCV  
  44  6:42  SCV  
  45  6:53  Marine  
  45  6:54  SCV, Marine x3  
  39  6:56  Marine  
  40  7:10  Marine  
  40  7:11  Marine x2  
  40  7:12  Marine  
  44  7:26  Bunker  
  44  7:35  Marine x6  
  50  7:40  Siege Tank  
  53  7:46  Supply Depot  
  53  7:49  Supply Depot  
  41  8:25  SCV  
  42  8:31  Marine  
  42  8:32  Marine x4  
  42  8:33  Marine  
  48  8:37  SCV  
  49  8:49  SCV, Marine  
  49  8:54  Marine x2  
  49  8:55  Marine x3  
  56  9:01  SCV, Supply Depot  
  57  9:03  Supply Depot  
  57  9:05  Factory  
  57  9:12  Marine x2  
  57  9:13  SCV, Marine x4  
  64  9:25  SCV  
  64  9:30  Marine  
  65  9:38  SCV  
  62  9:44  Armory  
  62  9:48  Engineering Bay  
  62  9:49  Siege Tank  
  62  9:50  Factory Tech Lab  
  65  9:55  Supply Depot  
  65  9:56  Marine x5  
  65  9:57  Marine  
  71  10:01  Orbital Command  
  71  10:14  Marine x6  
  77  10:24  Sensor Tower  
  77  10:32  Thor  
  77  10:33  Thor  
  89  10:35  Marine  
  89  10:36  Marine x5  
  57  11:17  SCV  
  54  11:28  SCV  
  54  11:29  SCV  
  56  11:40  SCV  
  56  11:41  SCV  
  56  11:42  Marine x5  
  56  11:43  Marine  
  64  11:53  SCV x2, Thor  
  72  11:54  Thor  
  72  12:00  Marine x6  
  84  12:05  SCV x2  
  86  12:17  SCV  
Tags
 
Add a new tag
Caveats
  • Supply blocks, unpowered buildings, or Contaminate may cause inaccurate times.
  • Supply counts are checked every 10 seconds.